 Dungeon Crawl Stone Soup version 0.22-a0-469-gf26638a (webtiles) character file.

166 Laiders72 the Grave Robber (level 5, -1/41 HPs)
             Began as a Ghoul Necromancer on June 11, 2018.
             Splashed by a jelly's acid (9 damage)
             ... on level 3 of the Dungeon.
             The game lasted 00:14:00 (2791 turns).

Laiders72 the Grave Robber (Ghoul Necromancer)      Turns: 2791, Time: 00:14:01

Health: -1/41      AC: -3    Str: 12    XL:     5   Next: 47%
Magic:  7/7        EV: 12    Int: 11    God:
Gold:   141        SH:  6    Dex:  9    Spells: 7/9 levels left

rFire    . . .     SeeInvis .     - Unarmed
rCold    + . .     Gourm    .   (no shield)
rNeg     + + +     Faith    .   a - +0 robe
rPois    ∞         Spirit   .   (no helmet)
rElec    .         Reflect  +   l - +1 cloak
rCorr    .         Harm     .   (no gloves)
MR       .....                  i - +0 pair of boots
Stlth    ++........             h - +6 amulet of reflection
HPRegen  0.00/turn              (no ring)
MPRegen  0.10/turn              (no ring)

@: corroded, rotting
A: rotting body, claws 1, carnivore, cold resistance 1, negative energy
resistance 3, inhibited regeneration, torment resistance, unbreathing
a: no special abilities


You were on level 3 of the Dungeon.
You were not hungry.

You visited 1 branch of the dungeon, and saw 3 of its levels.

You collected 141 gold pieces.

Inventory:

Armour
 a - a +0 robe (worn)
 d - a +1 pair of gloves
 i - a +0 pair of boots (worn)
 l - a +1 cloak (worn)
Jewellery
 h - a +6 amulet of reflection (around neck)
Scrolls
 b - 2 scrolls of blinking
 m - a scroll of remove curse
 n - a scroll of magic mapping {unknown}
 q - a scroll of enchant weapon
 s - a scroll of identify
Potions
 e - a potion of heal wounds {unknown}
 g - a potion of mutation {unknown}
 j - a potion of brilliance
 k - a potion of curing {unknown}
 o - a potion of ambrosia {unknown}
 p - a potion of berserk rage {unknown}
 r - a potion of flight {unknown}
Comestibles
 c - 6 rations
 f - a chunk of flesh


   Skills:
 + Level 2.2 Fighting
 + Level 2.7 Dodging
 + Level 3.4 Stealth
 + Level 2.2 Unarmed Combat
 + Level 2.5 Spellcasting
 - Level 4.0 Necromancy


You had 7 spell levels left.
You knew the following spells:

 Your Spells              Type           Power        Failure   Level  Hunger
a - Pain                  Necr           ##..         5%          1    ##.....
b - Animate Skeleton      Necr           N/A          5%          1    ##.....

Your spell library contained the following spells:

 Spells                   Type           Power        Failure   Level  Hunger
 Animate Dead             Necr           N/A          47%         4    #####..
 Vampiric Draining        Necr           ##........   16%         3    ####...
 Regeneration             Chrm/Necr      #.........   36%         3    ####...


Dungeon Overview and Level Annotations

Branches:
Dungeon (3/15)

Altars:
Gozag
Okawaru
Uskayaw


Innate Abilities, Weirdness & Mutations

Your body is rotting away.
You thrive on raw meat.
You are immune to poison.
You have sharp fingernails.
You are carnivorous and can eat meat at any time.
Your flesh is cold resistant. (rC+)
You are immune to negative energy. (rN+++)
You do not regenerate when monsters are visible.
You are immune to unholy pain and torment.
You can survive without breathing.


Message History

You scratch the jelly.
Your claws burn!
The jelly is heavily wounded.
The jelly hits you. The acid corrodes you!
You are splashed with acid!
The acid burns!
The ooze quivers.
You scratch the jelly but do no damage.
Your claws burn!
The jelly is heavily wounded.
You block the jelly's attack.
You scratch the jelly but do no damage.
Your claws burn!
The jelly is heavily wounded.
The jelly hits you.
* * * LOW HITPOINT WARNING * * *
The acid corrodes you!
You are splashed with acid!
The acid burns!
* * * LOW HITPOINT WARNING * * *
Eat one of 2 chunks of flesh? (ye/n/q)
You eat one of the 2 chunks of flesh.
This raw flesh tastes great!
The jelly hits you.
* * * LOW HITPOINT WARNING * * *
You are splashed with acid!
The acid burns!
You die...

..........########'#..........##.
............))....(#....#####.##.
..(.###...############### .##.
....# ##### ### ## _...##
#######.##..JJ.=# #.
.....####....#.#.#...J.P# #.
####..##.....#.#.#.JJ÷..# #.
#.)'......#'#.#P.PP..# #.
#..'.....)..#@#.JJ...# #.
##.'........#J#.P....# ..
#.##.......#J#.....J#
#####......##JPP..P.#
##########÷÷J...# ####### .....


You could see 2 jellies and an ooze.

Vanquished Creatures
  An orc wizard (D:3)
  A hound skeleton (D:2)
  2 adders (D:2)
  4 oozes
  A worm (D:2)
  A dart slug (D:3)
  4 leopard geckos
  6 orcs (D:3)
  A giant cockroach (D:3)
  12 goblins
  2 hobgoblins
  16 kobolds
  5 bats
  6 frilled lizards
  8 rats
70 creatures vanquished.

Vanquished Creatures (collateral kills)
  An adder (D:3)
  2 orcs (D:3)
  A hobgoblin (D:2)
  A frilled lizard (D:3)
  2 goblins
7 creatures vanquished.

Vanquished Creatures (others)
  9 toadstools (D:3)
9 creatures vanquished.

Grand Total: 86 creatures vanquished

Notes
Turn   | Place    | Note
-------+----------+-------------------------------------------
     0 | D:1      | Laiders72 the Ghoul Necromancer began the quest for the Orb.
     0 | D:1      | Reached XP level 1. HP: 14/14 MP: 2/2
     2 | D:1      | Learned a level 1 spell: Animate Skeleton
   126 | D:1      | Reached XP level 2. HP: 19/22 MP: 3/3
   765 | D:1      | Reached skill level 1 in Fighting
   929 | D:1      | Reached skill level 1 in Unarmed Combat
  1061 | D:2      | Reached XP level 3. HP: 20/27 MP: 5/5
  1442 | D:2      | Reached XP level 4. HP: 30/34 MP: 6/6
  2213 | D:3      | Reached XP level 5. HP: 33/40 MP: 7/7
  2248 | D:3      | Found an opulent altar of Gozag.
  2369 | D:3      | Found a hide-covered altar of Uskayaw.
  2433 | D:3      | Noticed a dagger
  2433 | D:3      | Noticed a dagger
  2603 | D:3      | Found an iron altar of Okawaru.
  2791 | D:3      | Splashed by a jelly's acid

Vault maps used:
D:1:      roderic_octagonal_star
D:3:      cheibrodos_fertilizer, overflow_temple_1_default,
          dancing_weapons_uskayaw, nicolae_gozag_seed_capital

Skill      XL: |  1  2  3  4 |
---------------+-------------+-----
Dodging        | 2 |  2.7
Spellcasting   | 2 |  2.5
Fighting       | 1 2 |  2.2
Unarmed Combat | 1 2 |  2.2
Stealth        | 3 |  3.4
Necromancy     | |  4.0

Action                   |  1- 3 |  4- 6 || total
-------------------------+-------+-------++-------
Melee: Unarmed           |    95 |   144 ||   239
       Punch             |       |     2 ||     2
 Cast: Pain              |     7 |    21 ||    28
       Animate Skeleton  |     2 |     6 ||     8
  Use: Scroll            |       |     8 ||     8
 Stab: Sleeping          |     2 |       ||     2
       Distracted        |     1 |       ||     1
  Eat: Chunk             |     6 |    10 ||    16
Armor: Robe              |    25 |    39 ||    64
Dodge: Dodged            |    57 |    55 ||   112
Block: Other             |       |    38 ||    38
       Reflection        |       |     1 ||     1

Table legend:
 A = Spawn XP
 B = Non-spawn XP
 C = Spawn XP percentage of total XP
 D = Spawn monster count
 E = Non-spawn monster count
 F = Spawn count percentage of total count
 G = Total turns spent on level
                    A         B        C        D         E        F      G
               +---------+---------+-------+---------+---------+-------+---------
         Total |       0 |     238 |   0.0 |       0 |      77 |   0.0 |  2791
               +---------+---------+-------+---------+---------+-------+---------
           D:1 |       0 |      36 |   0.0 |       0 |      18 |   0.0 |  1258
           D:2 |       0 |      76 |   0.0 |       0 |      21 |   0.0 |   741
           D:3 |       0 |     126 |   0.0 |       0 |      38 |   0.0 |   792
               +---------+---------+-------+---------+---------+-------+---------
